 Dungeon Crawl Stone Soup version 0.24-a0-581-gc0fa6600bf (webtiles) character file.

Game seed: 6327613154795981396

47487 Rolt the Geomancer (level 14, -5/88 HPs)
             Began as a Gargoyle Earth Elementalist on Aug 25, 2019.
             Was a High Priest of Vehumet.
             Slain by a komodo dragon (7 damage)
             ... on level 5 of the Lair of Beasts.
             The game lasted 01:50:56 (18137 turns).

Rolt the Geomancer (Gargoyle Earth Elementalist)   Turns: 18137, Time: 01:50:57

Health: -5/88      AC: 26    Str: 15    XL:     14   Next: 42%
Magic:  16/27      EV: 11    Int: 21    God:    Vehumet [*****.]
Gold:   969        SH:  0    Dex: 10    Spells: 3/31 levels left

rFire    . . .     SeeInvis .   j - +0 triple sword (flame)
rCold    . . .     Gourm    +   (shield currently unavailable)
rNeg     + . .     Faith    .   c - +2 scale mail {rPois}
rPois    ∞         Spirit   .   (no helmet)
rElec    +         Reflect  .   (no cloak)
rCorr    .         Harm     .   S - +2 pair of gloves
MR       ++++.                  B - +1 pair of boots
Stlth    +.........             f - amulet "Yjitu" {Gourm MR+ Slay+5}
HPRegen  0.24/turn              H - ring of stealth
MPRegen  0.20/turn              K - ring of the Mage {Wiz MR++ Int+3}

@: berserk cooldown, flying, slowed, very slow
A: big wings, negative energy resistance 1, electricity resistance, unbreathing,
petrification resistance, rot immunity, AC +10
a: Stop Flying, Renounce Religion


You were on level 5 of the Lair of Beasts.
You worshipped Vehumet.
Vehumet was extremely pleased with you.
You were full.

You visited 3 branches of the dungeon, and saw 18 of its levels.
You also visited: Volcano.

You collected 1509 gold pieces.
You spent 540 gold pieces at shops.

Inventory:

Hand Weapons
 a - the +7 great sword "Usos" {freeze, Str+5}
   (You found it on level 8 of the Dungeon)

   It has been specially enchanted to freeze those struck by it, causing extra
   injury to most foes and up to half again as much damage against particularly
   susceptible opponents.
   It can also slow down cold-blooded creatures.
   It affects your strength (+5).
 j - a +0 triple sword of flaming (weapon)
Missiles
 k - 84 poisoned darts
 o - 22 boomerangs
 v - 7 atropa-tipped darts
 M - 334 stones (quivered)
 O - 2 curare-tipped darts
Armour
 c - a +2 scale mail of poison resistance (worn)
 B - a +1 pair of boots (worn)
 S - a +2 pair of gloves (worn)
 X - a +2 buckler
Jewellery
 f - the amulet "Yjitu" (around neck) {Gourm MR+ Slay+5}
   (You found it on level 12 of the Dungeon)

   [amulet of the gourmand]

   It allows you to eat raw meat even when not hungry.
   It affects your accuracy and damage with ranged weapons and melee attacks
   (+5).
   It affects your resistance to hostile enchantments.
 H - a ring of stealth (left hand)
 K - the ring of the Mage (right hand) {Wiz MR++ Int+3}
   (You found it on level 6 of the Dungeon)

   [ring of wizardry]

   It improves your spell success rate.
   It affects your intelligence (+3).
   It affects your resistance to hostile enchantments.
Wands
 g - a wand of disintegration (13)
 l - a wand of scattershot (7)
 F - a wand of paralysis (5)
 L - a wand of clouds (6)
 Q - a wand of random effects (31)
 R - a wand of polymorph (10)
Scrolls
 m - 7 scrolls of teleportation
 n - 11 scrolls of remove curse
 q - 2 scrolls of holy word
 x - 2 scrolls of amnesia
 A - a scroll of fog
 C - 5 scrolls of magic mapping
 T - 5 scrolls of identify
Potions
 e - a potion of cancellation
 i - a potion of lignification
 r - 4 potions of haste
 s - 2 potions of brilliance
 t - 3 potions of magic
 u - 2 potions of mutation
 w - 3 potions of berserk rage
 E - 2 potions of flight
 I - 5 potions of agility
 N - a potion of curing
 W - a potion of resistance
 Y - a potion of might
Miscellaneous
 h - a box of beasts
 p - a phantom mirror
 G - a crystal ball of energy
Comestibles
 d - 27 rations


   Skills:
 + Level 10.5 Fighting
 + Level 7.3 Long Blades
 + Level 8.9 Armour
 + Level 5.5 Dodging
 - Level 2.1 Stealth
 + Level 6.9 Shields
 + Level 9.3 Spellcasting
 + Level 8.8 Conjurations
 - Level 0.7 Transmutations
 * Level 8.1 Fire Magic
 + Level 12.0 Earth Magic


You had 3 spell levels left.
You knew the following spells:

 Your Spells              Type           Power        Failure   Level  Hunger
a - Sandblast             Erth           ######       1%          1    None
d - Bolt of Magma         Conj/Fire/Erth ######....   1%          5    #####..
e - Passwall              Tmut/Erth      #####...     1%          2    None
f - Fireball              Conj/Fire      #####.....   2%          5    #####..
q - Lee's Rapid Deconstr  Erth           ######....   1%          5    #####..
s - Stone Arrow           Conj/Erth      ######       1%          3    None
w - Petrify               Tmut/Erth      #####...     6%          4    ##.....
z - Conjure Flame         Conj/Fire      #####...     1%          3    None

Your spell library contained the following spells:

 Spells                   Type           Power        Failure   Level  Hunger
 Venom Bolt               Conj/Pois      ####......   11%         5    #####..
 Summon Butterflies       Summ           #.......     9%          1    None
 Corpse Rot               Necr           N/A          13%         2    None
 Call Canine Familiar     Summ           #.......     26%         3    None
 Tukima's Dance           Hex            #.......     26%         3    None
 Leda's Liquefaction      Hex/Erth       #####.....   8%          4    ##.....
 Bolt of Draining         Conj/Necr      ####......   11%         5    #####..
 Summon Ice Beast         Ice/Summ       #.......     61%         4    ##.....
 Agony                    Necr           #.......     90%         5    #####..
 Dispel Undead            Necr           #.......     90%         5    #####..
 Excruciating Wounds      Chrm/Necr      #.........   90%         5    #####..
 Summon Mana Viper        Hex/Summ       #.......     90%         5    #####..
 Summon Hydra             Summ           #.........   100%        7    #######
 Sublimation of Blood     Necr           Unusable     N/A         2    N/A

Dungeon Overview and Level Annotations

Branches:
Dungeon (12/15)            Temple (1/1) D:4            Lair (5/6) D:9
  Swamp (0/4) Lair:2       Spider (0/4) Lair:2          Orc (0/2) D:12
Volcano (visited)
  Slime: Lair:5-6

Altars:
Ashenzari
Cheibriados
Dithmenos
Elyvilon
Fedhas
Gozag
Hepliaklqana
Kikubaaqudgha
Makhleb
Nemelex Xobeh
Okawaru
Qazlal
Ru
Sif Muna
Trog
Uskayaw
Vehumet
Wu Jian
Xom
Yredelemnul
Zin
The Shining One
Lugonu

Shops:
D:6 (   D:7 }*::(   D:8 (   D:10 [


Innate Abilities, Weirdness & Mutations

You are resistant to torment.
Your stone body is resilient. (AC +10)
You are immune to poison.
Your large and strong wings let you fly indefinitely.
You resist negative energy. (rN+)
You are resistant to electric shocks. (rElec)
You can survive without breathing.
You are immune to petrification.
You are immune to rotting.


Message History

Okay, then.
Casting: Stone Arrow (safe; 1% risk of failure)
Confirm with . or Enter, or press ? or * to list all spells.
Aiming: Bolt of Magma (safe; 1% risk of failure)
Press: ? - help, Shift-Dir - straight line, f - yak
Aim: a yak The bolt of magma hits the komodo dragon!!
The komodo dragon is severely wounded.
The bolt of magma hits the yak!!
The yak is heavily wounded.
You hear a bellow!
The centaur wields a +0 shortbow.
The centaur shoots an arrow.
The arrow hits your larval stingshock beast!
Your larval stingshock beast dies!
Your larval stingshock beast's corpse disappears in a puff of smoke!
The komodo dragon bites you!
* * * LOW HITPOINT WARNING * * *
The yak gores you but does no damage. The yak barely misses you.
The komodo dragon bites you!
You die...

#P.......#.##
............##
..........$..######
..........Y.Y.....##
.............Y.....#
.........c.YP.((...#####
.......<.######cY.......
........## #Yl.......
.......## ##@.......
....#### #...(....>
....# #...(..... ..P..#
.......... ....##
##......... ....#
#......^.) ...##
#......... .##
..........


You could see 2 death yaks, a komodo dragon, 2 yaks and a centaur.

Vanquished Creatures
  A fire dragon (D:12)
  Josephine (D:11)
  7 hydras
  Harold (Lair:1)
  An ice dragon (D:12)
  A death knight (D:12)
  Erica (D:8)
  A centaur warrior (D:12)
  A death yak (Lair:4)
  6 two-headed ogres
  A shadow wraith (D:12)
  A glowing orange brain (shapeshifter) (D:12)
  A wizard (D:12)
  An unseen horror (D:12)
  Pikel (D:6)
  2 ugly things
  An oklob plant (Lair:3)
  A cyclops (D:12)
  A molten gargoyle (Volcano)
  9 spiny frogs
  4 black mambas
  2 torpor snails
  A gargoyle (D:10)
  A kobold demonologist (D:12)
  7 rime drakes
  A komodo dragon (Lair:3)
  5 trolls
  3 meliai (D:10)
  Prince Ribbit (D:6)
  15 hippogriffs
  A tarantella (Lair:2)
  7 wraiths
  8 wyverns
  16 yaks
  3 fire elementals (Volcano)
  7 basilisks
  5 vampire mosquitoes
  A hungry ghost (D:12)
  A soldier ant (D:12)
  Menkaure (D:5)
  7 porcupines
  5 water moccasins
  A black bear (D:9)
  5 ice beasts
  3 sky beasts
  6 orc warriors
  A phantom (D:11)
  A slave (D:6)
  13 ogres
  9 crocodiles
  8 wolves
  5 centaurs
  4 big kobolds
  15 bullfrogs
  3 gnoll sergeants
  A water moccasin zombie (D:10)
  A wyvern skeleton (D:11)
  6 scorpions
  12 killer bees
  11 wights
  An electric eel (Lair:2)
  9 howler monkeys
  7 crimson imps
  4 bullfrog zombies
  2 centaur zombies
  4 hounds
  2 jellies
  8 orc priests
  3 bullfrog skeletons
  2 iguanas
  Ijyb (D:5)
  7 worker ants
  Terence (D:2)
  18 orc wizards
  A hound zombie (D:5)
  2 hound skeletons
  A worker ant zombie (D:6)
  A howler monkey skeleton (D:6)
  17 gnolls
  13 adders
  5 shadow imps
  3 oozes
  An adder zombie (D:7)
  An adder skeleton (D:4)
  2 worms (D:2)
  4 leopard geckos
  66 orcs
  6 giant cockroaches
  11 goblins
  9 hobgoblins
  19 jackals
  3 quokkas
  2 ball pythons
  A ball python skeleton (D:5)
  9 bats
  3 frilled lizards
  16 kobolds
  A quokka zombie (D:7)
  9 rats
  A fungus (Lair:4)
523 creatures vanquished.

Vanquished Creatures (others)
  An unseen horror (D:12)
  A shadow (D:12)
  An ogre (D:6)
  An orc wizard (D:12)
  3 fungi
  4 plants (Lair:4)
11 creatures vanquished.

Grand Total: 534 creatures vanquished

Notes
Turn   | Place    | Note
-------+----------+-------------------------------------------
     0 | D:1      | Rolt the Gargoyle Earth Elementalist began the quest for
                  | the Orb.
     0 | D:1      | Reached XP level 1. HP: 10/10 MP: 3/3
   284 | D:1      | Reached XP level 2. HP: 13/16 MP: 0/5
   491 | D:1      | Reached skill level 1 in Fighting
   817 | D:1      | Reached skill level 4 in Earth Magic
  1212 | D:1      | Reached XP level 3. HP: 4/20 MP: 0/6
  1576 | D:2      | Found a bloodstained altar of Trog.
  1593 | D:2      | Found an iron altar of Okawaru.
  1623 | D:2      | Found a shattered altar of Ashenzari.
  1626 | D:2      | Found a basalt altar of Yredelemnul.
  1677 | D:2      | Found a blossoming altar of Fedhas.
  1707 | D:2      | Reached XP level 4. HP: 12/26 MP: 6/8
  1714 | D:2      | Learned a level 3 spell: Stone Arrow
  1900 | D:2      | Noticed Terence
  1917 | D:2      | Killed Terence
  2008 | D:2      | Reached XP level 5. HP: 29/31 MP: 5/9
  2028 | D:2      | Learned a level 5 spell: Lee's Rapid Deconstruction
  2381 | D:3      | Found an ancient bone altar of Kikubaaqudgha.
  2447 | D:3      | Reached skill level 5 in Earth Magic
  2602 | D:3      | Noticed a centaur
  2611 | D:3      | Killed a centaur
  2611 | D:3      | Reached skill level 1 in Conjurations
  2611 | D:3      | Reached XP level 6. HP: 22/37 MP: 5/11
  2929 | D:3      | Found an opulent altar of Gozag.
  3293 | D:4      | Found a staircase to the Ecumenical Temple.
  3303 | Temple   | Entered the Ecumenical Temple
  3321 | Temple   | Became a worshipper of Vehumet
  3707 | D:4      | Reached skill level 1 in Armour
  3765 | D:4      | Reached skill level 1 in Long Blades
  3771 | D:4      | Reached XP level 7. HP: 18/42 MP: 2/12
  3780 | D:4      | HP: 2/42 [killer bee (4)]
  3785 | D:4      | HP: 2/42 [killer bee (1)]
  4127 | D:4      | Reached skill level 6 in Earth Magic
  4484 | D:4      | Learned a level 2 spell: Passwall
  4580 | D:4      | Reached XP level 8. HP: 48/48 MP: 10/14
  4736 | D:4      | Found a white marble altar of Elyvilon.
  4766 | D:5      | Entered Level 5 of the Dungeon
  4823 | D:5      | Found a sacrificial altar of Ru.
  4823 | D:5      | Found a glowing golden altar of the Shining One.
  4829 | D:5      | Noticed Menkaure
  4848 | D:5      | Killed Menkaure
  4957 | D:5      | Reached skill level 5 in Fighting
  5067 | D:5      | Reached * piety under Vehumet
  5067 | D:5      | Offered knowledge of Freeze by Vehumet.
  5067 | D:5      | Reached skill level 7 in Earth Magic
  5126 | D:5      | Reached skill level 5 in Spellcasting
  5636 | D:5      | Noticed Ijyb
  5650 | D:5      | Paralysed by Ijyb for 7 turns
  5657 | D:5      | Killed Ijyb
  5910 | D:6      | Found Asewenn's Antique Weapon Boutique.
  6076 | D:6      | Noticed Prince Ribbit
  6083 | D:6      | Killed Prince Ribbit
  6083 | D:6      | Reached XP level 9. HP: 53/55 MP: 10/17
  6354 | D:6      | Reached ** piety under Vehumet
  6455 | D:6      | Offered knowledge of Shock by Vehumet.
  6498 | D:6      | Reached skill level 8 in Earth Magic
  6548 | D:6      | Found the ring of the Mage {Wiz MR++ Int+3}
  6653 | D:6      | Noticed Pikel
  6660 | D:6      | Killed Pikel
  7284 | D:7      | Found Ziagh's Antique Weapon Shoppe.
  7304 | D:7      | Offered knowledge of Throw Frost by Vehumet.
  7313 | D:7      | Reached XP level 10. HP: 52/63 MP: 19/19
  7354 | D:7      | Reached skill level 9 in Earth Magic
  7441 | D:7      | Reached *** piety under Vehumet
  7482 | D:7      | Found Catihi's Book Boutique.
  7567 | D:7      | Found Kaciasiq's General Store.
  7574 | D:7      | Found Domiyst's Gadget Shop.
  7609 | D:7      | Found a basalt altar of Yredelemnul.
  7696 | D:7      | Offered knowledge of Iskenderun's Mystic Blast by Vehumet.
  7714 | D:7      | Learned a level 4 spell: Petrify
  8044 | D:7      | Found Fypej's Book Shoppe.
  8368 | D:8      | Noticed Erica
  8379 | D:8      | Killed Erica
  8379 | D:8      | Reached skill level 5 in Armour
  8379 | D:8      | Reached skill level 5 in Conjurations
  8427 | D:8      | Found a burning altar of Makhleb.
  8427 | D:8      | Found a glowing silver altar of Zin.
  8428 | D:8      | Noticed an angel
  8428 | D:8      | Noticed a green death
  8514 | D:8      | Found Tapnymiu's Antique Weapon Shop.
  8589 | D:8      | Reached **** piety under Vehumet
  8746 | D:8      | Found a snail-covered altar of Cheibriados.
  8941 | D:8      | Got a slimy great sword
  8947 | D:8      | Identified the +7 great sword "Usos" {freeze, Str+5} (You
                  | found it on level 8 of the Dungeon)
  9011 | D:8      | Offered knowledge of Yara's Violent Unravelling by Vehumet.
  9079 | D:9      | Reached skill level 1 in Shields
  9138 | D:9      | Noticed a two-headed ogre
  9150 | D:9      | Killed a two-headed ogre
  9150 | D:9      | Reached XP level 11. HP: 69/69 MP: 5/22
  9157 | D:9      | Noticed a two-headed ogre
  9167 | D:9      | Killed a two-headed ogre
  9167 | D:9      | Reached skill level 10 in Earth Magic
  9562 | D:9      | Found a staircase to the Lair.
  9917 | D:10     | Entered Level 10 of the Dungeon
  9927 | D:10     | Found Wamum's Antique Armour Emporium.
  9943 | D:10     | Reached skill level 5 in Long Blades
 10167 | D:7      | Bought the Reference Book on Fire and Execration for 540
                  | gold pieces
 10171 | D:7      | Learned a level 3 spell: Conjure Flame
 10177 | D:7      | Learned a level 5 spell: Bolt of Magma
 10272 | D:10     | Noticed a two-headed ogre
 10283 | D:10     | Killed a two-headed ogre
 10344 | D:10     | Reached skill level 1 in Fire Magic
 11104 | D:11     | Reached ***** piety under Vehumet
 11187 | D:11     | Noticed Josephine
 11188 | D:11     | Offered knowledge of Force Lance by Vehumet.
 11195 | D:11     | Killed Josephine
 11195 | D:11     | Reached XP level 12. HP: 76/76 MP: 14/24
 11807 | D:11     | Noticed a seven-headed hydra
 11932 | D:11     | Killed a seven-headed hydra
 12052 | D:12     | Noticed an ice dragon
 12057 | D:12     | Killed an ice dragon
 12135 | D:12     | Noticed a centaur warrior
 12140 | D:12     | Killed a centaur warrior
 12415 | D:12     | Got a pitted ruby amulet
 12418 | D:12     | Identified the amulet "Yjitu" {Gourm MR+ Slay+5} (You found
                  | it on level 12 of the Dungeon)
 12465 | D:12     | Noticed a fire dragon
 12474 | D:12     | Killed a fire dragon
 12474 | D:12     | Reached skill level 5 in Fire Magic
 12474 | D:12     | Reached skill level 11 in Earth Magic
 12746 | D:12     | Reached skill level 5 in Shields
 12791 | D:12     | Noticed a two-headed ogre
 12810 | D:12     | Killed a two-headed ogre
 12892 | D:12     | Noticed a death knight
 12896 | D:12     | Reached XP level 13. HP: 81/81 MP: 8/25
 13456 | D:12     | Found a staircase to the Orcish Mines.
 13901 | Lair:1   | Entered Level 1 of the Lair of Beasts
 13945 | Lair:1   | Learned a level 5 spell: Fireball
 14086 | Lair:1   | Reached skill level 10 in Fighting
 14250 | Lair:1   | You fall into a shaft and drop 1 floor!
 14265 | Lair:2   | Found a dark tunnel.
 14272 | Volcano  | Entered a volcano
 14649 | Lair:1   | Noticed Harold
 14655 | Lair:1   | Killed Harold
 14708 | Lair:1   | You fall into a shaft and drop 1 floor!
 15078 | Lair:2   | Found a hole to the Spider Nest.
 15148 | Lair:2   | Found a staircase to the Swamp.
 15153 | Lair:2   | Offered knowledge of Venom Bolt by Vehumet.
 15259 | Lair:2   | You fall into a shaft and drop 1 floor!
 15299 | Lair:3   | Found a runed translucent door.
 15824 | Lair:3   | Reached skill level 5 in Dodging
 16533 | Lair:4   | Gained mutation: Your large and strong wings let you fly
                  | indefinitely. [Gargoyle growth]
 16533 | Lair:4   | Reached XP level 14. HP: 43/88 MP: 11/27
 17306 | Lair:4   | Reached skill level 12 in Earth Magic
 18133 | Lair:5   | HP: 1/88 [yak (6)]
 18137 | Lair:5   | Slain by a komodo dragon

Levels and vault maps discovered:
D:1:      minmay_arrival_shattered_statue, layout_loops_ring
D:2:      layout_rooms, bloody_trog, minitemple, grunt_ministairs_15,
          serial_park_tiny_1, fedhas_altar_1, uniq_terence
D:3:      layout_loops_ring, grunt_gozag_statues,
          nicolae_overflow_crystal_walls, grunt_decor_one_mirror,
          kennysheep_generic_room_16
D:4:      layout_loops_ring, lemuel_round_altar, minmay_temple_entry_grid,
          first_ration
D:5:      layout_gridville, gammafunk_temple_overflow_wave, uniq_menkaure,
          uniq_ijyb
D:6:      layout_layer_cave, serial_shops, shop, uniq_pikel, uniq_prince_ribbit1
D:7:      layout_cave_pods, basic_altar, serial_shops, shop, shop, shop,
          kennysheep_mini, shop, serial_column_ruins, column_ruins_open_medium,
          column_ruins_grid_2, column_ruins_corridor_straight,
          column_ruins_open_medium
D:8:      layout_loops_ring, grunt_temple_overflow_order_and_chaos_2,
          cheibriados_altar_1, serial_shops, shop, grunt_ogre_cave, uniq_erica
D:9:      layout_long_grid, lair_entry_dummy
D:10:     layout_roguey, serial_shops, shop
D:11:     kennysheep_big_flooded_room, layout_loops_corners, uniq_josephine
D:12:     minmay_the_grid_3x3 [minmay_the_grid_pillar_ring,
          minmay_the_grid_zigzag_pyramid, minmay_the_grid_dragon_b,
          minmay_the_grid_minigrid_medium, minmay_the_grid_dragon_a,
          minmay_the_grid_stretched_grid, minmay_the_grid_fan,
          minmay_the_grid_spin_star, minmay_the_grid_prize_trominoes],
          layout_rooms, kennysheep_orc_monster_closet_entryway,
          corexii_leaking_fountain
Temple:   corrupted_temple
Lair:1:   layout_hall_layers, beast_lair_carwin_10, infiniplex_staircase_pool,
          uniq_harold
Lair:2:   layout_misc_corridors, minmay_swamp_entry_swarm,
          spider_nest_entry_rubble, nicolae_volcano_entry_two_sided,
          minmay_stone_trees_large
Lair:3:   layout_small_grid, chequers_serial_rivers_micro_c, pf_torpor_hydra,
          infiniplex_staircase_pool_2
Lair:4:   layout_roguey [special_room_mythical_zoo], grunt_megastairs_1
Lair:5:   layout_cave_shapes, minmay_slime_entry_pillars, lemuel_centaur_altar

Skill      XL: |  1  2  3  4  5  6  7  8  9 10 11 12 13 14 |
---------------+-------------------------------------------+-----
Fighting       | 1 2 3 4 5 7 8 9 10 | 10.5
Earth Magic    | 4 5 6 7 8 9 10 11 12 | 12.0
Spellcasting   | 3 4 5 6 7 8 9 |  9.3
Conjurations   | 1 2 3 4 5 6 7 8 |  8.8
Armour         | 1 2 3 4 5 6 7 8 |  8.9
Long Blades    | 1 2 3 4 5 6 7 |  7.3
Shields        | 1 3 5 6 |  6.9
Dodging        | 2 3 4 5 |  5.5
Fire Magic     | 3 5 7 8 |  8.1
Stealth        | |  2.1
Transmutations | |  0.7

Action                   |  1- 3 |  4- 6 |  7- 9 | 10-12 | 13-15 || total
-------------------------+-------+-------+-------+-------+-------++-------
Melee: Dagger            |    17 |       |       |       |       ||    17
       Unarmed           |     6 |       |       |       |       ||     6
       Mace              |    95 |     3 |       |       |       ||    98
       Falchion          |       |   174 |    98 |       |       ||   272
       Long sword        |       |       |    97 |    99 |       ||   196
       Scimitar          |       |       |       |    46 |   230 ||   276
       Great sword       |       |       |       |   193 |    55 ||   248
       Triple sword      |       |       |       |       |    61 ||    61
Throw: Stone             |     2 |     2 |    16 |       |     2 ||    22
 Cast: Sandblast         |    23 |    25 |   115 |    38 |       ||   201
       Stone Arrow       |       |     6 |    31 |    32 |    24 ||    93
       Lee's Rapid Decon |       |       |       |    41 |    11 ||    52
       Petrify           |       |       |       |    10 |     3 ||    13
       Bolt of Magma     |       |       |       |    20 |    51 ||    71
       Fireball          |       |       |       |       |     3 ||     3
 Abil: Fly               |       |       |       |       |     1 ||     1
Evoke: Box of beasts     |       |       |       |       |     1 ||     1
  Use: Scroll            |       |     7 |     5 |    16 |     9 ||    37
       Potion            |       |     1 |     2 |     2 |     5 ||    10
 Stab: Sleeping          |     3 |     3 |       |       |       ||     6
       Petrified         |       |       |       |    15 |     8 ||    23
  Eat: Chunk             |     3 |     7 |    11 |    44 |    32 ||    97
       Ration            |       |       |     1 |       |       ||     1
Armor: Robe              |    91 |    37 |    38 |   111 |       ||   277
       Skin              |     4 |       |       |       |       ||     4
       Leather armour    |       |    51 |   133 |       |     1 ||   185
       Scale mail        |       |       |       |   179 |   364 ||   543
Dodge: Dodged            |   166 |   158 |   176 |   316 |   284 ||  1100
Block: Buckler           |       |       |       |       |   101 ||   101
       Rpst.: Falchion   |       |    55 |    29 |       |       ||    84
       Long sword        |       |       |    34 |    42 |       ||    76
       Scimitar          |       |       |       |     9 |    27 ||    36
       Great sword       |       |       |       |    47 |     6 ||    53
       Triple sword      |       |       |       |       |    22 ||    22

Table legend:
 A = Non-vault XP
 B = Vault XP
 C = Vault XP percentage of total XP
 D = Non-vault monster count
 E = Vault monster count
 F = Vault count percentage of total count
                 A         B        C        D         E       F
            +---------+---------+-------+---------+---------+-------
      Total |   39543 |   28296 |  41.7 |     414 |     107 |  20.5
            +---------+---------+-------+---------+---------+-------
        D:1 |      32 |       0 |   0.0 |      19 |       0 |   0.0
        D:2 |      99 |      51 |  34.0 |      29 |       3 |   9.4
        D:3 |      61 |     116 |  65.5 |      18 |       4 |  18.2
        D:4 |    1007 |       0 |   0.0 |      26 |       0 |   0.0
        D:5 |     625 |     195 |  23.8 |      29 |       2 |   6.5
        D:6 |    1130 |     937 |  45.3 |      34 |       2 |   5.6
        D:7 |    1996 |       0 |   0.0 |      52 |       0 |   0.0
        D:8 |    1043 |    1052 |  50.2 |      35 |       2 |   5.4
        D:9 |    3014 |       0 |   0.0 |      18 |       0 |   0.0
       D:10 |    5189 |       0 |   0.0 |      31 |       0 |   0.0
       D:11 |    2997 |    3290 |  52.3 |      38 |       8 |  17.4
       D:12 |    5556 |    9235 |  62.4 |      25 |      40 |  61.5
     Lair:1 |    2857 |    1998 |  41.2 |       9 |       9 |  50.0
     Lair:2 |    2298 |     593 |  20.5 |      10 |       3 |  23.1
     Lair:3 |    4463 |    1365 |  23.4 |      16 |       2 |  11.1
     Lair:4 |    4824 |    8285 |  63.2 |      13 |      26 |  66.7
     Lair:5 |    2352 |     160 |   6.4 |      12 |       2 |  14.3
    Volcano |       0 |    1019 | 100.0 |       0 |       4 | 100.0
            +---------+---------+-------+---------+---------+-------
